cohdb
Replays
Latest Replays
All Replays
Popular Replays
Top Player Replays
Match Explorer
How It Works
Community
CoH3 Stats
Reddit
Sign in to upload your games and track your stats! →
Sign in with Steam
Match 40109068
Unlisted
Match 40109068
Overview
Messages
Build Orders
End
Construct Infanterie Kompanie
Kettenkrad Recon Vehicle
Selects Terror Battlegroup
Selects Machine Gun Camouflage
MG 42 Machine Gun Team
MG 42 Machine Gun Team
GrW 34 Mortar Team
Construct Panzergrenadier Kompanie
Panzergrenadier Squad
251 Medium Carrier
Selects Contempt for the Weak
Pak 40 Anti-tank Gun Team
251 Medium Carrier
wila
Sher
LittleFatty233
熊猫Real tiger
きめぇ丸
It's Kinda Hot Here.
Tempestus
大凯
0
0
Comments
sign in to comment!
No comments posted yet!